 Dungeon Crawl Stone Soup version 0.27.1-2-g3b301248ec (webtiles) character file.

Game seed: 85822103129820292

25 Borgoz the Skirmisher (level 3, -4/34 HPs)
             Began as a Gargoyle Berserker on Sept 26, 2021.
             Was a Follower of Trog.
             Slain by a kobold (5 damage)
             ... on level 2 of the Dungeon.
             The game lasted 00:00:50 (1105 turns).

Borgoz the Skirmisher (Gargoyle Berserker)          Turns: 1105, Time: 00:00:51

Health: -4/34      AC:  5    Str: 20    XL:     3   Next: 4%
Magic:  3/3        EV:  9    Int:  7    God:    Trog [*.....]
Gold:   130        SH:  7    Dex: 10    Spells: 2/2 levels left

rFire    . . .     SeeInvis .   a - +0 mace
rCold    . . .     Faith    .   g - +0 kite shield
rNeg     + . .     Spirit   .   b - +0 animal skin
rPois    ∞         Reflect  .   (no helmet)
rElec    +         Harm     .   (no cloak)
rCorr    .         Rampage  .   (no gloves)
Will     .....                  (no boots)
Stlth    ..........             (no amulet)
HPRegen  0.11/turn              (no ring)
MPRegen  0.08/turn              (no ring)

@: berserking (expiring), very quick
A: sickness immunity, AC +3, negative energy resistance 1, electricity
resistance, torment resistance 1, petrification resistance
a: Renounce Religion, Berserk


You were on level 2 of the Dungeon.
You worshipped Trog.
Trog was aware of your devotion.
You visited 1 branch of the dungeon, and saw 2 of its levels.

You collected 130 gold pieces.

Inventory:

Hand Weapons
 a - a +0 mace (weapon)
Armour
 b - a +0 animal skin (worn)
 g - a +0 kite shield (worn)
Scrolls
 c - a scroll of identify {unknown}
Potions
 d - a potion of degeneration {unknown}
 e - a potion of curing {unknown}
 f - a potion of brilliance {unknown}


   Skills:
 + Level 3.6 Fighting
 + Level 3.2 Maces & Flails
 + Level 2.6 Armour
 + Level 1.9 Dodging
 + Level 0.5 Shields


You had 2 spell levels left.
You didn't know any spells.
Your spell library was empty.

Dungeon Overview and Level Annotations

Branches:
Dungeon (2/15)

Altars:

Shops:
D:1 [


Innate Abilities, Weirdness & Mutations

You are immune to sickness and miasma.
Your stone body is resilient. (AC +3)
You are immune to poison.
You resist negative energy. (rN+)
You are resistant to electric shocks. (rElec)
You are resistant to unholy torment.
You are immune to petrification.


Message History

The kobold closely misses you. The adder completely misses you.
You barely miss the adder.
The adder is heavily wounded.
The adder bites you. The kobold completely misses you.
You block the adder's attack. You block the kobold's attack.
You hit the adder.
The adder is severely wounded.
The adder bites you. The kobold hits you with a +0 whip.
The worm barely misses you. The adder barely misses you.
You are too injured to fight recklessly!
You are too injured to fight recklessly!
There are monsters nearby!
You are too injured to fight recklessly!
A red film seems to cover your vision as you go berserk!
You feel yourself moving faster!
You feel mighty! You block the kobold's attack. The adder barely misses you.
The worm barely misses you.
You closely miss the adder.
The adder is severely wounded.
You block the adder's attack. You block the kobold's attack.
You sock the adder!
You kill the adder!
Trog accepts your kill. The kobold closely misses you.
The worm completely misses you.
You have reached level 3!
Your experience leads to an increase in your attributes!
Increase (S)trength, (I)ntelligence, or (D)exterity?
You feel agile.
You barely miss the worm. The kobold hits you with a +0 whip.
The worm bites you.
* * * LOW HITPOINT WARNING * * *
You barely miss the worm. The kobold hits you with a +0 whip.
* * * LOW HITPOINT WARNING * * *
Your shield prevents you from hitting the worm.
The kobold barely misses you.
An adder comes into view.
The worm bites you.
* * * LOW HITPOINT WARNING * * *
The kobold hits you with a +0 whip.
You die...

# ....... ###.
....... .....##
.......
....#....##.......
................
..............##
..........†w#..#!#
..........@K.....#
..............#...
....#..†....#..#
.........)..# =#
#...........# ..
#.##..#...#.## ..
#.####.#..### # #.
##S.....# #
#..#.......


You could see a worm, an adder (wandering) and a kobold.

Vanquished Creatures
  An adder (D:2)
  A dart slug (D:1)
  2 endoplasms (D:1)
  A giant cockroach (D:1)
  A goblin (D:1)
  2 jackals (D:1)
  A quokka (D:1)
  A bat (D:1)
  A kobold (D:2)
  3 rats
14 creatures vanquished.

Notes
Turn   | Place    | Note
-------+----------+-------------------------------------------
     0 | D:1      | Borgoz the Gargoyle Berserker began the quest for the Orb.
     0 | D:1      | Reached XP level 1. HP: 14/14 MP: 1/1
   217 | D:1      | Found Tiosueh's Antique Armour Emporium.
   306 | D:1      | Reached XP level 2. HP: 14/19 MP: 2/2
   867 | D:1      | Found a faded altar of an unknown god.
  1103 | D:2      | Reached XP level 3. HP: 14/23 MP: 3/3
  1105 | D:2      | HP: 1/34 [worm (3)]
  1105 | D:2      | Slain by a kobold

Illustrated notes

Levels and vault maps discovered:
D:1:      saegor_arrival_simple_d, layout_loops_ring, serial_shops, shop_coins,
          shapermc_ecumenical_altar_ellora, chequers_serial_rivers_room_b
D:2:      layout_rooms, basic_altar

Action                   || total
-------------------------++-------
Melee: Mace              ||    48
Invok: Berserk           ||     1
Armor: Animal skin       ||    12
Dodge: Dodged            ||    27
Block: Kite shield       ||    25
